 Dungeon Crawl Stone Soup version bcrawl-1.19.2-6-g6a88ae04c9 (webtiles) character file.

Game seed: 5771154960728636533

574 Mrkan the Cudgeler (level 7, -2/44 HPs)
             Began as a Gargoyle Fighter on Dec 30, 2019.
             Killed by nerve-wracking pain
             ... invoked by Grinder
              (6 damage)
             ... while paralysed by Grinder
             ... on level 4 of the Dungeon.
             The game lasted 00:04:37 (3647 turns).

Mrkan the Cudgeler (Gargoyle Fighter)               Turns: 3647, Time: 00:04:37

Health: -2/44      AC: 18    Str: 25    XL:     7   Next: 34%
Magic:  7/7        EV:  2    Int:  8    God:
Gold:   289        SH:  0    Dex: 11    Spells: 6/6 levels left

rFire    + . .     SeeInvis .   a - +0 flail
rCold    + . .     Gourm    .   c - +0 shield
rNeg     + . .     Faith    .   h - +0 plate armour
rPois    ∞         Spirit   .   t - +0 helmet
rElec    +         Reflect  .   (no cloak)
rCorr    +         Harm     .   (no gloves)
MR       .....                  (no boots)
Stlth    ..........             (no amulet)
HPRegen  0.14/turn              (no ring)
MPRegen  0.10/turn              (no ring)

@: paralysed, mighty, resistant
A: negative energy resistance 1, electricity resistance, unbreathing,
petrification resistance, rot immunity, AC +4
a: no special abilities


You were on level 4 of the Dungeon.
You were not hungry.

You visited 1 branch of the dungeon, and saw 4 of its levels.

You collected 289 gold pieces.

Inventory:

Hand Weapons
 a - a +0 flail (weapon)
Armour
 c - a +0 shield (worn)
 h - a +0 plate armour (worn)
 t - a +0 helmet (worn)
Wands
 n - a wand of iceblast (7)
 p - a wand of polymorph (12)
Scrolls
 e - a scroll of blinking {unknown}
 j - 2 scrolls of fog {unknown}
 k - a scroll of magic mapping {unknown}
 l - 8 scrolls of identify {unknown}
 m - 2 scrolls of amnesia {unknown}
 o - a scroll of teleportation {unknown}
 r - a scroll of immolation {unknown}
Potions
 b - a potion of heal wounds {unknown}
 d - a potion of might
 g - a potion of resistance
 i - a potion of degeneration {unknown}
 q - a potion of invisibility {unknown}
Comestibles
 f - 4 rations {!d}
 s - 3 chunks of flesh


   Skills:
 + Level 5.0 Fighting
 * Level 5.1 Maces & Flails
 + Level 4.9 Armour
 + Level 5.0 Shields


You had 6 spell levels left.
You didn't know any spells.
Your spell library was empty.

Dungeon Overview and Level Annotations

Branches:
Dungeon (4/12)
 Temple: D:4-7

Altars:
Kikubaaqudgha
The Shining One

Annotations:
D:4 Grinder


Innate Abilities, Weirdness & Mutations

You are resistant to torment.
Your stone body is resilient. (AC +4)
You are immune to poison.
You resist negative energy. (rN+)
You are resistant to electric shocks. (rElec)
You can survive without breathing.
You are immune to petrification.
You are immune to rotting.


Message History

You sock Grinder!
Grinder is heavily wounded.
Grinder zaps a wand.
You resist with some effort.
Your plate armour prevents you from hitting Grinder.
Grinder is heavily wounded.
Grinder barely misses you.
You barely miss Grinder.
Grinder is heavily wounded.
Grinder hits you but does no damage.
Okay, then.
You closely miss Grinder.
Grinder is heavily wounded.
Grinder hits you but does no damage.
Your shield and plate armour prevent you from hitting Grinder.
Grinder is heavily wounded.
Grinder gestures at you.
You suddenly lose the ability to move!
Grinder gestures at you. Pain shoots through your body!
You die...

#.......#
#.......#
#.......#
#.......#
#####.#.#
#.#.# #.#..
#5####
######## #@#
#.....<# #.#
#.###### #)#
#.# #)# #.#
#)#########.#
#)..........#
#############


You could see Grinder.

Vanquished Creatures
  A scorpion (D:3)
  A hound (D:4)
  4 orc priests
  5 orc wizards
  Jessica (D:2)
  Robin (D:4)
  8 gnolls (D:3)
  3 adders (D:3)
  An ooze (D:3)
  3 worms (D:2)
  A dart slug (D:3)
  A leopard gecko (D:3)
  15 orcs
  3 ball pythons
  2 bats (D:1)
  5 giant cockroaches
  12 hobgoblins
  2 jackals (D:3)
  7 kobolds
  2 quokkas
  2 frilled lizards (D:3)
  8 goblins
  7 rats
95 creatures vanquished.

Notes
Turn   | Place    | Note
-------+----------+-------------------------------------------
     0 | D:1      | Mrkan the Gargoyle Fighter began the quest for the Orb.
     0 | D:1      | Reached XP level 1. HP: 14/14 MP: 1/1
   115 | D:1      | Reached XP level 2. HP: 19/19 MP: 2/2
   352 | D:1      | Reached XP level 3. HP: 20/23 MP: 3/3
   636 | D:1      | Found a glowing golden altar of the Shining One.
   801 | D:2      | Reached XP level 4. HP: 14/29 MP: 4/4
  1315 | D:2      | Reached XP level 5. HP: 13/33 MP: 5/5
  1917 | D:2      | Noticed Jessica
  1920 | D:2      | Killed Jessica
  2475 | D:3      | Reached XP level 6. HP: 30/39 MP: 6/6
  2525 | D:3      | Found an ancient bone altar of Kikubaaqudgha.
  3189 | D:3      | Reached XP level 7. HP: 23/44 MP: 7/7
  3525 | D:4      | Noticed Robin
  3549 | D:4      | Killed Robin
  3549 | D:4      | Reached skill level 5 in Maces & Flails
  3600 | D:4      | Noticed Grinder
  3636 | D:4      | Reached skill level 5 in Fighting
  3636 | D:4      | Reached skill level 5 in Shields
  3646 | D:4      | Paralysed by Grinder for 3 turns
  3647 | D:4      | Killed from afar by Grinder

Skill      XL: |  1  2  3  4  5  6  7 |
---------------+----------------------+-----
Maces & Flails | 3 4 5 |  5.1
Fighting       | 4 5 |  5.0
Armour         | 4 |  4.9
Shields        | 4 5 |  5.0

Action                   |  1- 3 |  4- 6 |  7- 9 || total
-------------------------+-------+-------+-------++-------
Melee: Flail             |   123 |   239 |    99 ||   461
  Use: Potion            |       |     1 |     2 ||     3
  Eat: Chunk             |       |     8 |     2 ||    10
Armor: Scale mail        |    25 |       |       ||    25
       Plate armour      |    73 |   163 |    79 ||   315
Dodge: Dodged            |    26 |    34 |    18 ||    78
Block: Shield            |    78 |   123 |    56 ||   257
